 Dungeon Crawl Stone Soup version 0.25.1-9-gc5326a611f (webtiles) character file.

Game seed: 8844452981588187286

20087 Dismas the Warrior (level 12, -16/123 HPs)
             Began as a Minotaur Berserker on July 3, 2021.
             Was an Elder of Trog.
             Demolished by a titanic slime creature (44 damage)
             ... on level 13 of the Dungeon.
             The game lasted 01:10:44 (10836 turns).

Dismas the Warrior (Minotaur Berserker)            Turns: 10836, Time: 01:10:44

Health: -16/123    AC: 22    Str: 26    XL:     12   Next: 42%
Magic:  11/11      EV: 12    Int:  4    God:    Trog [****..]
Gold:   582        SH:  0    Dex: 11    Spells: 11/11 levels left

rFire    . . .     SeeInvis +   V - +2 executioner's axe (elec)
rCold    + . .     Gourm    .   (shield currently unavailable)
rNeg     . . .     Faith    .   h - +0 storm dragon scales
rPois    .         Spirit   .   L - +0 hat
rElec    +         Reflect  .   g - +0 cloak
rCorr    .         Harm     .   Q - +0 pair of gloves
MR       .....                  o - +0 pair of boots
Stlth    ..........             D - amulet of regeneration
HPRegen  0.70/turn              F - ring of protection from cold
MPRegen  0.12/turn              i - ring of see invisible

@: studying Shields
A: retaliatory headbutt, horns 2
a: Berserk, Trog's Hand, Brothers in Arms, Renounce Religion


You were on level 13 of the Dungeon.
You worshipped Trog.
Trog was greatly pleased with you.
You were hungry.

You visited 2 branches of the dungeon, and saw 14 of its levels.
You also visited: Bailey.

You collected 582 gold pieces.

Inventory:

Hand Weapons
 t - a +0 demon blade
 A - a +1 antimagic glaive
 B - the +4 dagger of the Lair of Beasts {elec, +Blink rPois Str+8 Dex+4}
   (You found it on level 6 of the Dungeon)

   Occasionally, upon striking a foe, it will discharge some electrical energy
   and cause terrible harm.
   It affects your strength (+8).
   It affects your dexterity (+4).
   It protects you from poison.
   It lets you blink.
 M - a +3 spear
 P - a +2 vorpal arbalest
 V - a +2 executioner's axe of electrocution (weapon)
 Y - a +0 hand crossbow
Missiles
 l - 305 bolts
 n - 8 datura-tipped darts
 I - a boomerang of dispersal (quivered)
 Z - 3 boomerangs
Armour
 f - a +0 plate armour
 g - a +0 cloak (worn)
 h - +0 storm dragon scales (worn)
 o - a +0 pair of boots (worn)
 L - a +0 hat (worn)
 Q - a +0 pair of gloves (worn)
Jewellery
 i - a ring of see invisible (right hand)
 y - an uncursed ring of magical power
 D - an amulet of regeneration (around neck)
 F - a ring of protection from cold (left hand)
 R - an uncursed ring of flight
Wands
 q - a wand of polymorph (18)
 z - a wand of digging (10)
 G - a wand of iceblast (16)
 K - a wand of random effects (23)
 T - a wand of clouds (3)
 X - a wand of disintegration (6)
Scrolls
 d - 3 scrolls of amnesia {unknown}
 k - 2 scrolls of fog {unknown}
 r - 5 scrolls of teleportation {unknown}
 s - 5 scrolls of enchant weapon
 v - 5 scrolls of remove curse
 C - a scroll of noise {unknown}
 H - a scroll of enchant armour {unknown}
 O - a scroll of fear {unknown}
 W - a scroll of blinking {unknown}
Potions
 a - 3 potions of ambrosia
 e - 5 potions of curing
 j - a potion of invisibility {unknown}
 m - 5 potions of heal wounds
 p - a potion of lignification
 u - 2 potions of flight
 w - a potion of haste
 x - a potion of cancellation
 J - a potion of might
 N - a potion of resistance
Books
 U - a manual of Shields
Miscellaneous
 E - a tin of tremorstones (3/3)
 S - a phial of floods
Comestibles
 c - 19 rations


   Skills:
 - Level 16.3 Fighting
 - Level 5.1 Axes
 + Level 15.5 Armour
 - Level 7.0 Dodging


You had 11 spell levels left.
You didn't know any spells.
Your spell library contained the following spells:

 Spells                   Type           Power        Failure   Level  Hunger
 Animate Skeleton         Necr           N/A          91%         1    ##.....
 Apportation              Tloc           #.....       91%         1    ##.....
 Corona                   Hex            #......      91%         1    ##.....
 Magic Dart               Conj           #...         91%         1    ##.....
 Summon Small Mammal      Summ           #...         91%         1    ##.....
 Blink                    Tloc           N/A          97%         2    ###....
 Call Imp                 Summ           #.......     97%         2    ###....
 Slow                     Hex            #.......     97%         2    ###....
 Conjure Flame            Conj/Fire      #.......     99%         3    ####...
 Mephitic Cloud           Conj/Pois/Air  #.......     99%         3    ####...


Dungeon Overview and Level Annotations

Branches:
Dungeon (13/15)            Temple (1/1) D:6            Lair (0/6) D:10
    Orc (0/2) D:10         Bailey (visited)
 Vaults: D:13-14

Altars:
Ashenzari
Cheibriados
Dithmenos
Elyvilon
Fedhas
Gozag
Hepliaklqana
Kikubaaqudgha
Makhleb
Nemelex Xobeh
Okawaru
Qazlal
Ru
Sif Muna
Trog
Uskayaw
Vehumet
Wu Jian
Xom
Yredelemnul
Zin
The Shining One
Beogh

Annotations:
D:8 1 runed translucent door


Innate Abilities, Weirdness & Mutations

You reflexively headbutt those who attack you in melee.
You have a pair of horns on your head.


Message History

The komodo dragon bites you!
The komodo dragon bites you but does no damage.
The slime creature quivers.
You hit the komodo dragon.
You kill the komodo dragon!
Trog accepts your kill. The titanic slime creature hits you!!!
Ouch! That really hurt!
* * * LOW HITPOINT WARNING * * *
There is an escape hatch in the floor here.
You can't go up here!
The titanic slime creature barely misses you.
You slide downwards.
The hatch slams shut behind you.
Found a scroll labeled FUNAMU SUPHACU.
Okay, then.
Okay, then.
Your polar bear goes berserk!
You are feeling hungry.
The titanic slime creature hits you!!!
You die...

###############
......J........
......h@.......
...............
...............
?..............
...............
.#########...##
..... .....


You could see a titanic slime creature and a friendly polar bear (summoned,
berserk).

Vanquished Creatures
  A stone giant (D:10)
  Josephine (D:11)
  Harold (D:11)
  2 two-headed ogres
  An unseen horror (D:11)
  An orc knight (Bailey)
  An ugly thing (D:11)
  A wolf spider (D:10)
  A deep elf mage (D:10)
  An orc sorcerer (D:10)
  10 slime creatures
  An elephant (D:10)
  2 centaur skeletons (D:10)
  2 komodo dragons
  A troll (D:9)
  2 hornets (D:10)
  Grinder (D:6)
  Sigmund (D:6)
  A meliai zombie (D:10)
  4 wraiths (D:11)
  A vampire (D:10)
  A yak (D:10)
  A basilisk (D:10)
  A soldier ant (D:10)
  2 water moccasins
  A hornet zombie (D:11)
  18 orc warriors
  2 ice beasts
  A black bear (D:9)
  2 sky beasts
  5 ogres
  2 phantoms
  5 centaurs
  A crocodile (D:10)
  Blork the orc (D:4)
  6 bullfrogs
  2 big kobolds
  A scorpion (D:9)
  9 killer bees
  7 electric eels
  9 wights
  3 howler monkeys
  A crimson imp (D:8)
  A centaur zombie (D:6)
  A quasit (D:10)
  4 hounds
  2 jellies
  4 orc priests
  7 orc wizards
  2 bullfrog skeletons
  2 iguanas (D:5)
  Natasha (thrice) (D:2)
  8 worker ants
  A hound skeleton (D:10)
  A worker ant zombie (D:6)
  10 gnolls
  Robin (D:4)
  A howler monkey skeleton (D:9)
  12 adders
  5 shadow imps
  2 adder skeletons (D:4)
  2 worms
  5 leopard geckos
  41 orcs
  A ball python (D:3)
  10 bats
  8 giant cockroaches
  17 goblins
  8 hobgoblins
  8 jackals
  13 kobolds
  4 quokkas
  8 frilled lizards
  A jackal skeleton (D:6)
  A leopard gecko zombie (D:7)
  12 rats
324 creatures vanquished.

Vanquished Creatures (collateral kills)
  A storm dragon (D:10)
1 creature vanquished.

Vanquished Creatures (others)
  A sky beast (D:12)
  A shadow imp (D:6)
2 creatures vanquished.

Grand Total: 327 creatures vanquished

Notes
Turn   | Place    | Note
-------+----------+-------------------------------------------
     0 | D:1      | Dismas the Minotaur Berserker began the quest for the Orb.
     0 | D:1      | Reached XP level 1. HP: 19/19 MP: 0/0
   175 | D:1      | Reached XP level 2. HP: 26/26 MP: 1/1
   764 | D:1      | Reached ** piety under Trog
   786 | D:1      | Reached XP level 3. HP: 31/31 MP: 2/2
   834 | D:2      | Noticed Natasha
   839 | D:2      | Killed Natasha
   850 | D:2      | Noticed Natasha
   851 | D:2      | Reached skill level 5 in Armour
   857 | D:2      | Killed Natasha
   857 | D:2      | Reached XP level 4. HP: 31/39 MP: 3/3
  1291 | D:2      | Noticed Natasha
  1300 | D:2      | Killed Natasha
  1669 | D:2      | Found a stormy altar of Qazlal.
  1825 | D:3      | Reached XP level 5. HP: 45/45 MP: 4/4
  2674 | D:4      | Noticed Robin
  2680 | D:4      | Reached *** piety under Trog
  2693 | D:4      | Killed Robin
  2693 | D:4      | Reached skill level 4 in Fighting
  2834 | D:4      | Noticed Blork the orc
  2847 | D:4      | Killed Blork the orc
  2847 | D:4      | Reached skill level 5 in Fighting
  2847 | D:4      | Reached XP level 6. HP: 51/56 MP: 3/5
  3329 | D:4      | Reached skill level 6 in Fighting
  3583 | D:5      | Entered Level 5 of the Dungeon
  3592 | D:5      | Reached skill level 7 in Fighting
  3592 | D:5      | Reached XP level 7. HP: 62/66 MP: 6/6
  3646 | D:5      | Reached skill level 8 in Fighting
  3733 | D:5      | Reached **** piety under Trog
  3835 | D:5      | Reached skill level 9 in Fighting
  4258 | D:6      | Noticed Sigmund
  4272 | D:6      | Killed Sigmund
  4272 | D:6      | Reached skill level 10 in Fighting
  4272 | D:6      | Reached XP level 8. HP: 79/79 MP: 7/7
  4595 | D:6      | Got an iridescent dagger
  4596 | D:6      | Identified the +4 dagger of the Lair of Beasts {elec,
                  | +Blink rPois Str+8 Dex+4} (You found it on level 6 of the
                  | Dungeon)
  4729 | D:6      | Found a staircase to the Ecumenical Temple.
  4759 | D:6      | Noticed Grinder
  4764 | D:6      | Killed Grinder
  4764 | D:6      | Reached skill level 5 in Dodging
  5109 | Temple   | Entered the Ecumenical Temple
  5870 | D:7      | Reached skill level 5 in Axes
  5870 | D:7      | Reached XP level 9. HP: 83/85 MP: 8/8
  6286 | D:8      | Found a runed translucent door.
  6290 | D:8      | Noticed a sixfirhy
  6688 | D:8      | Reached skill level 10 in Armour
  6909 | D:9      | Found a flagged portal.
  6918 | Bailey   | Entered a bailey
  7482 | Bailey   | Reached XP level 10. HP: 65/93 MP: 9/9
  7529 | Bailey   | Reached ***** piety under Trog
  7581 | Bailey   | Noticed an orc knight
  7590 | Bailey   | Killed an orc knight
  7594 | Bailey   | Reached skill level 11 in Fighting
  8343 | D:10     | Entered Level 10 of the Dungeon
  8350 | D:10     | Reached skill level 12 in Fighting
  8386 | D:10     | Found a staircase to the Orcish Mines.
  8413 | D:10     | Found a roughly hewn altar of Beogh.
  8578 | D:10     | Reached skill level 13 in Fighting
  8637 | D:10     | Found a staircase to the Lair.
  8638 | D:10     | Noticed an elephant
  8647 | D:10     | Killed an elephant
  8647 | D:10     | Reached skill level 14 in Fighting
  8647 | D:10     | Reached XP level 11. HP: 70/110 MP: 10/10
  8819 | D:10     | Found a shattered altar of Ashenzari.
  8854 | D:10     | Received a gift from Trog
  9016 | D:10     | Noticed a deep elf mage
  9022 | D:10     | Killed a deep elf mage
  9079 | D:10     | Noticed an orc sorcerer
  9085 | D:10     | Killed an orc sorcerer
  9085 | D:10     | Reached skill level 15 in Fighting
  9085 | D:10     | Noticed a stone giant
  9105 | D:10     | HP: 5/112 [stone giant (18)]
  9107 | D:10     | Killed a stone giant
  9108 | D:10     | Noticed a storm dragon
  9152 | D:10     | Noticed a wolf spider
  9156 | D:10     | Killed a wolf spider
  9166 | D:10     | Killed a storm dragon
  9166 | D:10     | Reached skill level 16 in Fighting
  9578 | D:11     | Noticed Harold
  9590 | D:11     | Killed Harold
  9790 | D:11     | Noticed an unseen horror
  9792 | D:11     | Killed an unseen horror
  9952 | D:11     | Noticed a cyan ugly thing
  9954 | D:11     | Noticed Josephine
  9966 | D:11     | Killed a cyan ugly thing
  9976 | D:11     | Killed Josephine
  9976 | D:11     | Reached XP level 12. HP: 77/123 MP: 11/11
 10423 | D:12     | Noticed a two-headed ogre
 10521 | D:11     | Killed a two-headed ogre
 10609 | D:12     | Noticed a two-headed ogre
 10614 | D:12     | Killed a two-headed ogre
 10657 | D:12     | Reached skill level 15 in Armour
 10836 | D:13     | Demolished by a titanic slime creature

Illustrated notes

Levels and vault maps discovered:
D:1:      ncdulo_lavacross, layout_basic
D:2:      layout_loops_ring, nicolae_qazlal_eye_of_the_storm, first_ration,
          moated_statue, uniq_natasha
D:3:      layout_rooms
D:4:      layout_loops_corners, grunt_ministairs_8, uniq_blork_the_orc,
          uniq_robin
D:5:      layout_rooms, kennysheep_generic_room_14
D:6:      layout_loops_corners, temple_doors_e, serial_bayou,
          serial_bayou_lake_a, serial_bayou_pond_a, serial_bayou_pond_a,
          serial_bayou_pond_b, chequers_serial_rivers_micro_e, uniq_sigmund,
          uniq_grinder
D:7:      layout_basic, feat_on_display
D:8:      cheibrodos_shockbox, layout_basic, kennysheep_boxes
D:9:      layout_basic, enter_bailey_6
D:10:     minmay_sliced_demisemicircle, layout_rooms, david_lair_generic,
          minmay_orc_entry_temple_small, grunt_ogre_cave,
          evilmike_ruin_ashenzari
D:11:     layout_loops_ring, uniq_harold, uniq_josephine
D:12:     lemuel_bear_cage, layout_loops_ring, chequers_hall_statues_wall_a,
          st_stairs_8, kennysheep_crisscross
D:13:     minmay_open_boxes_in_corner, layout_long_grid, uniq_azrael
Temple:   nicolae_temple_the_god_donut

Skill      XL: |  1  2  3  4  5  6  7  8  9 10 11 12 |
---------------+-------------------------------------+-----
Armour         | 3 4 5 6 7 12 13 15 | 15.5
Fighting       | 5 7 10 14 16 | 16.3
Dodging        | 7 |  7.0
Axes           | 5 |  5.1

Action                   |  1- 3 |  4- 6 |  7- 9 | 10-12 || total
-------------------------+-------+-------+-------+-------++-------
Melee: Hand axe          |    57 |   176 |   289 |    33 ||   555
       Headbutt          |     9 |    37 |    55 |    68 ||   169
       Dagger            |       |       |    31 |       ||    31
       Executioner's axe |       |       |       |   288 ||   288
Invok: Berserk           |       |     1 |     3 |     8 ||    12
       Trog's Hand       |       |       |     4 |     8 ||    12
       Brothers in Arms  |       |       |       |     2 ||     2
 Abil: Evoke Flight      |       |       |     4 |       ||     4
  Use: Scroll            |       |       |       |    13 ||    13
       Potion            |       |       |       |     3 ||     3
 Stab: Distracted        |       |     1 |       |       ||     1
  Eat: Chunk             |       |     9 |    15 |    18 ||    42
       Ration            |       |       |     1 |     1 ||     2
Armor: Animal skin       |     5 |       |       |       ||     5
       Ring mail         |     9 |    21 |       |       ||    30
       Chain mail        |       |    49 |    25 |       ||    74
       Plate armour      |       |       |   120 |    50 ||   170
       Storm dragon scal |       |       |       |   220 ||   220
Dodge: Dodged            |    35 |    94 |   157 |   280 ||   566
